 Dungeon Crawl Stone Soup version 0.25.0-46-gbd7b0854d2 (webtiles) character file.

Game seed: 2798104135976291004

562 funkygono the Cudgeler (level 7, 0/61 HPs)
             Began as a Minotaur Fighter on July 12, 2020.
             Slain by a centaur (6 damage)
             ... on level 4 of the Dungeon on July 13, 2020.
             The game lasted 00:06:16 (3702 turns).

funkygono the Cudgeler (Minotaur Fighter)           Turns: 3702, Time: 00:06:17

Health: 0/61       AC:  9    Str: 22    XL:     7   Next: 10%
Magic:  6/6        EV:  8    Int:  5    God:
Gold:   208        SH: 11    Dex: 10    Spells: 6/6 levels left

rFire    . . .     SeeInvis .   a - +1 flail
rCold    . . .     Gourm    .   c - +1 kite shield
rNeg     . . .     Faith    .   b - +0 scale mail
rPois    .         Spirit   .   (helmet restricted)
rElec    .         Reflect  .   j - +1 cloak
rCorr    .         Harm     .   (no gloves)
MR       .....                  (no boots)
Stlth    ..........             (no amulet)
HPRegen  0.20/turn              (no ring)
MPRegen  0.10/turn              (no ring)

@: lightly drained
A: retaliatory headbutt, horns 2
a: no special abilities


You were on level 4 of the Dungeon.
You were not hungry.

You visited 1 branch of the dungeon, and saw 4 of its levels.

You collected 208 gold pieces.

Inventory:

Hand Weapons
 a - a +1 flail (weapon)
 g - a +2 quarterstaff of chaos
Missiles
 h - 101 stones (quivered)
Armour
 b - a +0 scale mail (worn)
 c - a +1 kite shield (worn)
 j - a +1 cloak (worn)
Magical Staves
 q - an uncursed staff of conjuration {unknown}
Wands
 e - a wand of polymorph (5)
 o - a wand of enslavement (10)
 r - a wand of acid (8)
Scrolls
 l - 3 scrolls of remove curse
 n - 3 scrolls of magic mapping
Potions
 d - a potion of might
 i - 2 potions of flight {unknown}
 m - a potion of haste {unknown}
 p - a potion of curing {unknown}
 s - a potion of invisibility {unknown}
 t - a potion of heal wounds {unknown}
Comestibles
 f - 8 rations
 k - 17 chunks of flesh


   Skills:
 * Level 5.0 Fighting
 * Level 5.9(5.8) Maces & Flails
 * Level 5.8 Armour
 * Level 2.5(2.4) Dodging
 + Level 4.7(4.6) Shields


You had 6 spell levels left.
You didn't know any spells.
Your spell library contained the following spells:

 Spells                   Type           Power        Failure   Level  Hunger
 Corona                   Hex            #......      99%         1    ##.....
 Ensorcelled Hibernation  Hex/Ice        #.....       100%        2    ###....
 Confusing Touch          Hex            #.......     100%        3    ####...
 Dazzling Flash           Conj/Hex       #.....       100%        3    ####...
 Tukima's Dance           Hex            #.......     100%        3    ####...


Dungeon Overview and Level Annotations

Branches:
Dungeon (4/15)
 Temple: D:4-7

Altars:
Cheibriados
Kikubaaqudgha
Sif Muna
Wu Jian
Xom


Innate Abilities, Weirdness & Mutations

You reflexively headbutt those who attack you in melee.
You have a pair of horns on your head.


Message History

You see here an arrow.
The centaur shoots an arrow.
The arrow closely misses you.
The centaur shoots an arrow.
The arrow barely misses you.
The centaur shoots an arrow.
The arrow hits you!
* * * LOW HITPOINT WARNING * * *
You see here an arrow.
The centaur shoots an arrow.
You block the arrow. You block the quokka's attack.
You see here an arrow.
The centaur shoots an arrow.
You block the arrow.
You see here an arrow.
The centaur unwields a +0 shortbow.
The centaur hits you.
* * * LOW HITPOINT WARNING * * *
You block the quokka's attack.
You block the centaur's attack. x2; The quokka barely misses you.
You block the centaur's attack. The gnoll barely misses you.
You sock the centaur!
The centaur is severely wounded.
The centaur hits you.
You die...

#... #... #... #...
#### ###### # #
#.(..#≈#... #
#....#≈#... #
###@.........#######
#..rc..............#
#....g...##....###..
#..(..g..# # #...#.#
#...(...g#######>..#
#....(.(((..........
#........######..##.
#......(.# ###.###.
#####.#######...####


You could see a centaur, 3 gnolls and a quokka.

Vanquished Creatures
  Sigmund (D:2)
  A howler monkey (D:4)
  A hound (D:4)
  Crazy Yiuf (D:2)
  2 orc wizards (D:4)
  A gnoll shaman (D:4)
  Robin (D:2)
  8 adders
  3 oozes
  2 worms
  A dart slug (D:1)
  2 leopard geckos
  14 orcs
  7 giant cockroaches
  11 goblins
  10 hobgoblins
  7 jackals (D:4)
  11 kobolds
  4 quokkas
  2 ball pythons (D:3)
  4 bats
  6 frilled lizards
  A leopard gecko zombie (D:4)
  5 rats
106 creatures vanquished.

Notes
Turn   | Place    | Note
-------+----------+-------------------------------------------
     0 | D:1      | funkygono the Minotaur Fighter began the quest for the Orb.
     0 | D:1      | Reached XP level 1. HP: 19/19 MP: 0/0
   148 | D:1      | Reached XP level 2. HP: 27/27 MP: 1/1
   567 | D:1      | Reached XP level 3. HP: 22/33 MP: 2/2
  1741 | D:2      | Reached XP level 4. HP: 36/40 MP: 3/3
  1903 | D:2      | Noticed Robin
  1914 | D:2      | Killed Robin
  1914 | D:2      | Reached skill level 1 in Dodging
  2133 | D:2      | Found a runed translucent door.
  2134 | D:2      | Noticed Crazy Yiuf
  2142 | D:2      | Killed Crazy Yiuf
  2360 | D:2      | Reached XP level 5. HP: 44/47 MP: 4/4
  2397 | D:2      | Noticed Sigmund
  2410 | D:2      | Killed Sigmund
  2410 | D:2      | Reached skill level 5 in Maces & Flails
  2410 | D:2      | Reached skill level 5 in Armour
  2410 | D:2      | Reached XP level 6. HP: 34/53 MP: 5/5
  2960 | D:3      | Found an ornate altar of the Wu Jian Council.
  2960 | D:3      | Found a shimmering blue altar of Sif Muna.
  2961 | D:3      | Found an ancient bone altar of Kikubaaqudgha.
  3346 | D:4      | Found a shimmering altar of Xom.
  3525 | D:4      | Reached skill level 5 in Fighting
  3572 | D:4      | Reached XP level 7. HP: 55/61 MP: 6/6
  3638 | D:4      | Found a snail-covered altar of Cheibriados.
  3702 | D:4      | Slain by a centaur

Illustrated notes

Levels and vault maps discovered:
D:1:      psy_arrival_dodecagon, layout_loops_corners
D:2:      layout_loops_corners, uniq_crazy_yiuf_cottage, uniq_sigmund,
          uniq_robin
D:3:      layout_rooms, chequers_temple_overflow_statue_of_worship,
          hangedman_abyss_or_decor_lesser_grid, minmay_misc_feat_columns,
          corexii_leaking_fountain, nicolae_underground_beach
D:4:      layout_rooms, lemuel_doored_altar, first_ration, portal_sewer_entry_d,
          minmay_misc_feat_hallway, chequers_serial_rivers_room_b,
          cheibriados_altar_1

Skill      XL: |  1  2  3  4  5  6 |
---------------+-------------------+-----
Fighting       | 4 5 |  5.0
Armour         | 4 5 |  5.8
Maces & Flails | 3 4 5 |  5.9
Shields        | 4 |  4.7
Dodging        | 1 2 |  2.5

Action                   |  1- 3 |  4- 6 |  7- 9 || total
-------------------------+-------+-------+-------++-------
Melee: Flail             |   106 |   158 |    15 ||   279
       Headbutt          |     9 |    27 |     3 ||    39
  Use: Scroll            |     6 |       |       ||     6
  Eat: Chunk             |     3 |     6 |       ||     9
Armor: Scale mail        |    53 |    72 |    26 ||   151
Dodge: Dodged            |    27 |    57 |    18 ||   102
Block: Kite shield       |    51 |    86 |    31 ||   168
